3A
IDAHO FALLS CHUKARS @ ALAMEDA AIRMEN
06/24/2034
 
TOP OF THE 1ST
Idaho Falls Chukars batting - Pitching for Alameda Airmen : LHP Nicholas Finn
Pitching: LHP Nicholas Finn
Batting: RHB Rick Johnson 0-0: Ball
1-0: Ball
2-0: Called Strike
2-1: Ball
3-1: Called Strike
3-2: Strikes out swinging
Batting: SHB Joel Washington 0-0: Ball
1-0: Foul Ball, location: 2F
1-1: Foul Ball, location: 2F
1-2: Ball
2-2: DOUBLE (Line Drive, 7LM)
Batting: RHB Kenny Johnson 0-0: Ball
1-0: DOUBLE (Line Drive, 8LD)
Joel Washington scores
Batting: RHB Jung-heum Ho 0-0: Called Strike
0-1: Foul Ball, location: 2F
0-2: Ball
1-2: Ball
2-2: Foul Ball, location: 2F
2-2: Ball
3-2: Strikes out swinging
Batting: RHB Frank Simon 0-0: Fly out, F7 (Flyball, 78S)
Top of the 1st over - 1 run, 2 hits, 0 errors, 1 left on base; Idaho Falls 1 - Alameda 0
BOTTOM OF THE 1ST
Alameda Airmen batting - Pitching for Idaho Falls Chukars : RHP Jing Hsi
Pitching: RHP Jing Hsi
Batting: LHB Gabriel Montoya 0-0: Ball
1-0: Foul Ball, location: 2F
1-1: Reached via error on a dropped throw, E3
Batting: LHB Senichi Ito 0-0: Foul Ball, location: 2F
0-1: Ball
1-1: Called Strike
1-2: Ball
2-2: Ball
3-2: Foul Ball, location: 2F
3-2: Fielders Choice at 2nd, 4-6 (Groundball, 34)
Batting: SHB Cecil Nelson 0-0: Ball
1-0: Fly out, F8 (Flyball, 8RD)
Batting: RHB Gang Jing 0-0: Ball
1-0: Swinging Strike
1-1: Fielders Choice at 2nd, 6-4 (Groundball, 6)
Bottom of the 1st over - 0 runs, 0 hits, 1 error, 1 left on base; Idaho Falls 1 - Alameda 0
TOP OF THE 2ND
Idaho Falls Chukars batting - Pitching for Alameda Airmen : LHP Nicholas Finn
Batting: RHB Ramón González 0-0: Foul Ball, location: 2F
0-1: Ball
1-1: Ground out 3-1 (Groundball, 34)
Batting: RHB Toby Caunce 0-0: Ball
1-0: Foul Ball, location: 2F
1-1: Ball
2-1: Ball
3-1: Base on Balls
Batting: SHB Ricardo Ríos 0-0: Ball
1-0: Ball
2-0: Called Strike
2-1: Foul Ball, location: 2F
2-2: Strikes out looking
Batting: RHB Michael Rideout 0-0: Ball
1-0: Foul Ball, location: 2F
1-1: Swinging Strike
1-2: Foul Ball, location: 2F
1-2: Ball
2-2: Foul Ball, location: 2F
2-2: Ball
3-2: SINGLE (Line Drive, 9)
Toby Caunce to second
Toby Caunce to third
Batting: RHB Rick Johnson 0-0: Called Strike
0-1: Swinging Strike
0-2: Ball
1-2: Strikes out looking
Top of the 2nd over - 0 runs, 1 hit, 0 errors, 2 left on base; Idaho Falls 1 - Alameda 0
BOTTOM OF THE 2ND
Alameda Airmen batting - Pitching for Idaho Falls Chukars : RHP Jing Hsi
Batting: RHB Cornelius Adkison 0-0: Foul Ball, location: 2F
0-1: Ball
1-1: Ball
2-1: Fly out, F8 (Flyball, 8LS)
Batting: RHB Jim McMahon 0-0: Ball
1-0: Called Strike
1-1: Called Strike
1-2: Foul Ball, location: 2F
1-2: Ground out 5-3 (Groundball, 5)
Batting: RHB Reynaldo Torres 0-0: Called Strike
0-1: Ball
1-1: Ball
2-1: Foul Ball, location: 2F
2-2: SINGLE (Groundball, 6MD)
Batting: RHB Bob Smelcer 0-0: Ball
1-0: Fielders Choice at 2nd, 6-4 (Groundball, 6)
Bottom of the 2nd over - 0 runs, 1 hit, 0 errors, 1 left on base; Idaho Falls 1 - Alameda 0
TOP OF THE 3RD
Idaho Falls Chukars batting - Pitching for Alameda Airmen : LHP Nicholas Finn
Batting: SHB Joel Washington 0-0: Ball
1-0: Ball
2-0: Called Strike
2-1: SINGLE (Line Drive, 6M)
Batting: RHB Kenny Johnson 0-0: Ball
1-0: Reached on error, E5 (Groundball, 56S)
Joel Washington to third
Batting: RHB Jung-heum Ho 0-0: Ball
1-0: SINGLE (Groundball, 56D)
Joel Washington scores
Kenny Johnson to third
Runner from 3rd tries for Home, SAFE, no throw
Batting: RHB Frank Simon 0-0: Ball
1-0: SINGLE (Popup, 3D)
Jung-heum Ho to second
Runner from 2nd tries for 3rd, SAFE, no throw
Batting: RHB Ramón González 0-0: Called Strike
0-1: Foul Ball, location: 2F
0-2: Strikes out looking
Batting: RHB Toby Caunce 0-0: Ball
1-0: Ball
2-0: Foul Ball, location: 2F
2-1: Ball
3-1: Called Strike
3-2: Base on Balls
Frank Simon to second
Batting: SHB Ricardo Ríos 0-0: Fly out, F7 (Flyball, 7)
Runner from 3rd tags up, SCORES, throw made
Batting: RHB Michael Rideout 0-0: Ball
1-0: SINGLE (Groundball, 34D)
Frank Simon to third
Toby Caunce to second
Runner from 3rd tries for Home, SAFE, throw made home
Batting: RHB Rick Johnson 0-0: Called Strike
0-1: Called Strike
0-2: Ball
1-2: Strikes out swinging
Top of the 3rd over - 4 runs, 4 hits, 1 error, 2 left on base; Idaho Falls 5 - Alameda 0
BOTTOM OF THE 3RD
Alameda Airmen batting - Pitching for Idaho Falls Chukars : RHP Jing Hsi
Batting: RHB Pablo Pagán 0-0: Ball
1-0: Foul Ball, location: 2F
1-1: Swinging Strike
1-2: Foul Ball, location: 2F
1-2: Foul Ball, location: 2F
1-2: Fly out, F7 (Flyball, 78D)
Now in LF: Jon Rabbetts
Batting: LHB Gabriel Montoya 0-0: Ball
1-0: Called Strike
1-1: SINGLE (Groundball, 25) (infield hit)
Batting: LHB Senichi Ito 0-0: Ball
1-0: Ball
2-0: Called Strike
2-1: Ground out 4-3 (Groundball, 4)
Gabriel Montoya to second
Batting: SHB Cecil Nelson 0-0: Foul Ball, location: 2F
0-1: Ground out 4-3 (Groundball, 4MD)
Bottom of the 3rd over - 0 runs, 1 hit, 0 errors, 1 left on base; Idaho Falls 5 - Alameda 0
TOP OF THE 4TH
Idaho Falls Chukars batting - Pitching for Alameda Airmen : LHP Nicholas Finn
Batting: SHB Joel Washington 0-0: Swinging Strike
0-1: Ball
1-1: Ball
2-1: Swinging Strike
2-2: Strikes out swinging
Batting: RHB Kenny Johnson 0-0: Ball
1-0: Swinging Strike
1-1: Foul Ball, location: 2F
1-2: Ball
2-2: SINGLE (Flyball, 78M)
Batting: RHB Jung-heum Ho 0-0: Foul Ball, location: 2F
0-1: Called Strike
0-2: Ball
1-2: Strikes out swinging
Batting: RHB Frank Simon 0-0: Ball
1-0: Ball
2-0: Ball
3-0: Called Strike
3-1: Foul Ball, location: 2F
3-2: Strikes out swinging
Top of the 4th over - 0 runs, 1 hit, 0 errors, 1 left on base; Idaho Falls 5 - Alameda 0
BOTTOM OF THE 4TH
Alameda Airmen batting - Pitching for Idaho Falls Chukars : RHP Jing Hsi
Batting: RHB Gang Jing 0-0: Ball
1-0: Foul Ball, location: 2F
1-1: Ball
2-1: SINGLE (Line Drive, 8LS)
Pitching: RHP Nate Johnstone
Batting: RHB Cornelius Adkison 0-0: Foul Ball, location: 2F
0-1: Called Strike
0-2: Ball
1-2: Strikes out swinging
Batting: RHB Jim McMahon 0-0: Ball
1-0: Foul Ball, location: 2F
1-1: Fly out, F7 (Line Drive, 7)
Batting: RHB Reynaldo Torres 0-0: Ground out 6-3 (Groundball, 6)
Bottom of the 4th over - 0 runs, 1 hit, 0 errors, 1 left on base; Idaho Falls 5 - Alameda 0
TOP OF THE 5TH
Idaho Falls Chukars batting - Pitching for Alameda Airmen : LHP Nicholas Finn
Pitching: RHP Ramón Serrano
Batting: RHB Ramón González 0-0: Foul Ball, location: 2F
0-1: Ball
1-1: Foul Ball, location: 2F
1-2: Ball
2-2: Strikes out swinging
Batting: RHB Toby Caunce 0-0: Ball
1-0: Foul Ball, location: 2F
1-1: Ball
2-1: Fly out, F4 (Line Drive, 4)
Batting: SHB Ricardo Ríos 0-0: Foul Ball, location: 2F
0-1: Swinging Strike
0-2: Ball
1-2: Reached via error on a dropped throw, E3
Batting: RHB Jon Rabbetts 0-0: Ball
1-0: Called Strike
Ricardo Ríos is caught stealing 2nd base
Top of the 5th over - 0 runs, 0 hits, 1 error, 0 left on base; Idaho Falls 5 - Alameda 0
BOTTOM OF THE 5TH
Alameda Airmen batting - Pitching for Idaho Falls Chukars : RHP Nate Johnstone
Batting: RHB Bob Smelcer 0-0: Ball
1-0: Foul Ball, location: 2F
1-1: Ball
2-1: Foul Ball, location: 2F
2-2: DOUBLE (Line Drive, 7LM)
Batting: RHB Pablo Pagán 0-0: Ball
1-0: DOUBLE (Flyball, 9LD)
Bob Smelcer scores
Batting: LHB Gabriel Montoya 0-0: Ground out 4-3 (Groundball, 4)
Pablo Pagán to third
Batting: LHB Senichi Ito 0-0: Ball
1-0: Ball
2-0: Ball
3-0: Called Strike
3-1: Called Strike
3-2: Strikes out swinging
Batting: SHB Cecil Nelson 0-0: Ball
1-0: Called Strike
1-1: Ball
2-1: Ball
3-1: Base on Balls
Batting: RHB Gang Jing 0-0: Ball
1-0: Ball
2-0: Ball
3-0: Called Strike
3-1: Ground out 5-3 (Groundball, 56)
Bottom of the 5th over - 1 run, 2 hits, 0 errors, 2 left on base; Idaho Falls 5 - Alameda 1
TOP OF THE 6TH
Idaho Falls Chukars batting - Pitching for Alameda Airmen : RHP Ramón Serrano
Batting: RHB Jon Rabbetts 0-0: Ball
1-0: Foul Ball, location: 2F
1-1: Foul Ball, location: 2F
1-2: Ball
2-2: Fly out, F6 (Line Drive, 6M)
Batting: RHB Rick Johnson 0-0: Foul Ball, location: 2F
0-1: SINGLE (Groundball, 6MD)
Batting: SHB Joel Washington 0-0: Ball
1-0: Called Strike
1-1: Ball
2-1: Foul Ball, location: 2F
2-2: Foul Ball, location: 2F
2-2: Strikes out swinging
Batting: RHB Kenny Johnson 0-0: Called Strike
Rick Johnson steals 2nd base
0-1: Ball
1-1: Foul Ball, location: 2F
1-2: Fly out, F8 (Flyball, 8RM)
Top of the 6th over - 0 runs, 1 hit, 0 errors, 1 left on base; Idaho Falls 5 - Alameda 1
BOTTOM OF THE 6TH
Alameda Airmen batting - Pitching for Idaho Falls Chukars : RHP Nate Johnstone
Batting: RHB Cornelius Adkison 0-0: Fly out, F8 (Flyball, 8RD)
Batting: RHB Jim McMahon 0-0: Called Strike
0-1: Ball
1-1: Foul Ball, location: 2F
1-2: SINGLE (Flyball, 7S)
Batting: RHB Reynaldo Torres 0-0: Ball
1-0: Ball
Wild Pitch!
Jim McMahon to second
2-0: Ball
3-0: Base on Balls
Batting: RHB Bob Smelcer 0-0: Foul Ball, location: 2F
0-1: Called Strike
0-2: Hit by Pitch
Jim McMahon to third
Reynaldo Torres to second
Batting: RHB Pablo Pagán 0-0: Ball
1-0: Ball
2-0: Called Strike
2-1: Ball
3-1: Called Strike
3-2: Base on Balls
Jim McMahon scores
Reynaldo Torres to third
Bob Smelcer to second
Batting: LHB Gabriel Montoya 0-0: Fly out, F3 (Popup, 3SF)
Batting: LHB Senichi Ito 0-0: Foul Ball, location: 2F
0-1: Foul Ball, location: 2F
0-2: Ball
1-2: Ball
2-2: Foul Ball, location: 2F
2-2: Fly out, F1 (Line Drive, 15)
Bottom of the 6th over - 1 run, 1 hit, 0 errors, 3 left on base; Idaho Falls 5 - Alameda 2
TOP OF THE 7TH
Idaho Falls Chukars batting - Pitching for Alameda Airmen : RHP Ramón Serrano
Batting: RHB Jung-heum Ho 0-0: Called Strike
0-1: Ball
1-1: Foul Ball, location: 2F
1-2: Strikes out swinging
Batting: RHB Frank Simon 0-0: Ball
1-0: Fly out, F9 (Flyball, 9D)
Batting: RHB Ramón González 0-0: Called Strike
0-1: Ball
1-1: Foul Ball, location: 2F
1-2: Ball
2-2: DOUBLE (Line Drive, 9LM)
Batting: RHB Toby Caunce 0-0: Ball
1-0: Ground out 3-1 (Groundball, 34)
Top of the 7th over - 0 runs, 1 hit, 0 errors, 1 left on base; Idaho Falls 5 - Alameda 2
BOTTOM OF THE 7TH
Alameda Airmen batting - Pitching for Idaho Falls Chukars : RHP Nate Johnstone
Pitching: RHP José Gómez
Now at C: Fabrice Gaudin
Batting: SHB Cecil Nelson 0-0: Ball
1-0: Foul Ball, location: 2F
1-1: Ball
2-1: Ball
3-1: Base on Balls
Batting: RHB Gang Jing 0-0: Called Strike
0-1: Foul Ball, location: 2F
0-2: SINGLE (Line Drive, 56D)
Cecil Nelson to second
Batting: RHB Cornelius Adkison 0-0: Called Strike
0-1: Foul Ball, location: 2F
0-2: SINGLE (Groundball, 6MD)
Cecil Nelson to third
Gang Jing to second
Batting: RHB Jim McMahon 0-0: Swinging Strike
0-1: Fly out, F8 (Flyball, 8LD)
Runner from 3rd tags up, SCORES, throw made
Batting: RHB Reynaldo Torres 0-0: Ball
1-0: Swinging Strike
1-1: Ball
2-1: Called Strike
Gang Jing is caught stealing 3rd base
2-2: DOUBLE (Flyball, 89D)
Cornelius Adkison to third
Runner from 3rd tries for Home, SAFE, throw made at trailing runner, OUT at third!
Bottom of the 7th over - 2 runs, 3 hits, 0 errors, 0 left on base; Idaho Falls 5 - Alameda 4
TOP OF THE 8TH
Idaho Falls Chukars batting - Pitching for Alameda Airmen : RHP Ramón Serrano
Batting: SHB Ricardo Ríos 0-0: Called Strike
0-1: Fly out, F8 (Flyball, 8LD)
Batting: RHB Jon Rabbetts 0-0: SINGLE (Groundball, 4MD)
Pinch Hitting: SHB Alvin Peterson 0-0: Ball
1-0: Ball
2-0: Ball
3-0: Called Strike
3-1: Base on Balls
Jon Rabbetts to second
Pitching: LHP Santiago Rivera
Batting: SHB Joel Washington 0-0: Swinging Strike
0-1: Swinging Strike
0-2: Strikes out looking
Batting: RHB Kenny Johnson 0-0: Called Strike
0-1: Ball
1-1: Ball
2-1: Foul Ball, location: 2F
2-2: Fly out, F7 (Flyball, 7LSF)
Top of the 8th over - 0 runs, 1 hit, 0 errors, 2 left on base; Idaho Falls 5 - Alameda 4
BOTTOM OF THE 8TH
Alameda Airmen batting - Pitching for Idaho Falls Chukars : RHP José Gómez
Pitching: RHP Chia-kang Xiao
Now at 2B: Jon Hill
Batting: RHB Bob Smelcer 0-0: Ball
1-0: Called Strike
1-1: Ball
2-1: Ground out 6-3 (Groundball, 6)
Batting: RHB Pablo Pagán 0-0: Ball
1-0: Ball
2-0: Ball
3-0: Called Strike
3-1: Ground out 4-3 (Groundball, 4)
Batting: LHB Gabriel Montoya 0-0: Ball
1-0: Called Strike
1-1: Swinging Strike
1-2: Foul Ball, location: 2F
1-2: Foul Ball, location: 2F
1-2: Ball
2-2: Strikes out swinging
Bottom of the 8th over - 0 runs, 0 hits, 0 errors, 0 left on base; Idaho Falls 5 - Alameda 4
TOP OF THE 9TH
Idaho Falls Chukars batting - Pitching for Alameda Airmen : LHP Santiago Rivera
Batting: RHB Jung-heum Ho 0-0: Swinging Strike
0-1: Foul Ball, location: 2F
0-2: Strikes out swinging
Batting: RHB Fabrice Gaudin 0-0: Swinging Strike
0-1: Foul Ball, location: 2F
0-2: Strikes out looking
Batting: RHB Ramón González 0-0: Called Strike
0-1: Foul Ball, location: 2F
0-2: Strikes out looking
Top of the 9th over - 0 runs, 0 hits, 0 errors, 0 left on base; Idaho Falls 5 - Alameda 4
BOTTOM OF THE 9TH
Alameda Airmen batting - Pitching for Idaho Falls Chukars : RHP Chia-kang Xiao
Pitching: RHP Cliff Claven
Batting: LHB Senichi Ito 0-0: Called Strike
0-1: Foul Ball, location: 2F
0-2: Ground out 5-3 (Groundball, 56S)
Batting: SHB Cecil Nelson 0-0: Swinging Strike
0-1: Swinging Strike
0-2: Ball
1-2: Ball
2-2: Strikes out swinging
Batting: RHB Gang Jing 0-0: Ball
1-0: Ball
2-0: Called Strike
2-1: Foul Ball, location: 2F
2-2: Strikes out swinging
Bottom of the 9th over - 0 runs, 0 hits, 0 errors, 0 left on base; Idaho Falls 5 - Alameda 4
Friday, March 29th, 2019 - OOTP Baseball 18.8 Build 76